[Event "SRB-ch Semifinal 2021"]
[Site "Paracin"]
[Date "2021.03.16"]
[Round "1.8"]
[White "Stankovic, Milos"]
[Black "Pajcin, Lav"]
[Result "1-0"]
[ECO "B43"]
[WhiteElo "2414"]
[BlackElo "2167"]
[Annotator "NA"]
[PlyCount "57"]
[EventDate "2021.03.16"]
[EventType "swiss"]
[EventCountry "SRB"]
[SourceTitle "playchess.com"]
[Source "ChessBase"]
[SourceQuality "1"]
[TimeControl "40/5400+30:1800+30"]

1. e4 c5 2. Nf3 e6 3. Nc3 a6 4. d4 cxd4 5. Nxd4 Qc7 6. Be2 Nf6 7. a3 Nc6 8. Be3 Be7 9. f4 d6 10. O-O O-O 11. Nb3 b5 12. Bf3 Bb7 13. Qe2 Rac8 14. Rad1 $11 Nd7 15. Qf2 Na5 16. Nxa5 Qxa5 17. Qd2 Qc7 18. e5 d5 19. Bd4 Nb6 20. Kh1 Nc4 21. Qc1 b4 22. axb4 Bxb4 23. Ne2 a5 24. Ng3 a4 25. Nh5 Na5 26. f5 Qxc2 27. Qg5 g6 28. Nf6+ Kg7 29. Be3 1-0

[Event "SRB-ch Semifinal 2021"]
[Site "Paracin"]
[Date "2021.03.16"]
[Round "1.10"]
[White "Zegarac, Vuk"]
[Black "Kotrla, Sebastian"]
[Result "1-0"]
[ECO "D35"]
[WhiteElo "2386"]
[BlackElo "2108"]
[Annotator "NA"]
[PlyCount "67"]
[EventDate "2021.03.16"]
[EventType "swiss"]
[EventCountry "SRB"]
[SourceTitle "playchess.com"]
[Source "ChessBase"]
[SourceQuality "1"]
[TimeControl "40/5400+30:1800+30"]

1. d4 d5 2. c4 e6 3. Nc3 Nf6 4. cxd5 exd5 5. Bg5 Be7 6. e3 O-O 7. Bd3 Re8 8. Nge2 h6 9. Bh4 c6 10. Qc2 a5 11. f3 Na6 12. a3 Nh5 13. Bf2 b5 $14 14. O-O Bh4 15. e4 dxe4 16. fxe4 Bg4 17. h3 Bxe2 18. Nxe2 Re6 19. e5 g6 20. Rad1 Nc7 21. g4 Nd5 22. gxh5 Qg5+ 23. Kh2 Bxf2 24. Rxf2 Ne3 25. Qc1 Nxd1 26. Qxd1 Qxh5 27. Qf1 Re7 28. Rf4 Rxe5 29. Ng3 Qg5 30. dxe5 Rd8 31. Rxf7 h5 32. Rf6 Qd2+ 33. Be2 Qc2 34. Qf4 1-0

[Event "SRB-ch Semifinal 2021"]
[Site "Paracin"]
[Date "2021.03.17"]
[Round "2.1"]
[White "Sedlak, Nikola"]
[Black "Zegarac, Vuk"]
[Result "1/2-1/2"]
[ECO "A06"]
[WhiteElo "2514"]
[BlackElo "2386"]
[Annotator "ChessBase"]
[PlyCount "94"]
[EventDate "2021.03.16"]
[EventType "swiss"]
[EventCountry "SRB"]
[SourceTitle "playchess.com"]
[Source "ChessBase"]
[SourceQuality "1"]
[TimeControl "40/5400+30:1800+30"]

1. Nf3 d5 2. e3 Nf6 3. b3 g6 4. Bb2 Bg7 5. c4 c6 6. Be2 O-O 7. O-O Bg4 8. d3 Bxf3 9. Bxf3 Re8 10. d4 e6 11. Nc3 Nbd7 12. Qc2 a6 13. Rfd1 b5 14. Be2 Bf8 15. a4 b4 16. Nb1 Ne4 17. Nd2 Nxd2 18. Qxd2 f5 19. Rac1 Nf6 20. Bd3 Bd6 21. Qe2 Ne4 22. f4 a5 23. Rc2 Rc8 24. Rdc1 Qd7 25. Bxe4 fxe4 26. Rf1 Bf8 27. Bc1 Bg7 28. c5 Ra8 29. Bd2 Qa7 30. Be1 Qa6 31. Qd1 Rf8 32. Bh4 Bf6 33. Bxf6 Rxf6 34. g4 Raf8 35. h4 R6f7 36. Rh2 h6 37. Rff2 Kh7 38. Qd2 Rg8 39. Rfg2 Rgf8 40. Rf2 Rg8 41. Rhg2 Rgf8 42. Qd1 Kg7 43. h5 g5 44. fxg5 hxg5 45. Rxf7+ Rxf7 46. Rf2 Rxf2 47. Kxf2 Qd3 1/2-1/2

[Event "SRB-ch Semifinal 2021"]
[Site "Paracin"]
[Date "2021.03.17"]
[Round "2.9"]
[White "Sredojevic, Ivan"]
[Black "Budisavljevic, Luka"]
[Result "1/2-1/2"]
[ECO "B28"]
[WhiteElo "2288"]
[BlackElo "2510"]
[Annotator "ChessBase"]
[PlyCount "60"]
[EventDate "2021.03.16"]
[EventType "swiss"]
[EventCountry "SRB"]
[SourceTitle "playchess.com"]
[Source "ChessBase"]
[SourceQuality "1"]
[TimeControl "40/5400+30:1800+30"]

1. e4 c5 2. Nf3 a6 3. Be2 b5 4. a4 Bb7 5. axb5 axb5 6. Rxa8 Bxa8 7. Bxb5 Bxe4 8. O-O e6 9. Re1 Nf6 10. Nc3 Bb7 11. d4 Be7 12. dxc5 Bxc5 13. Bf4 O-O 14. Ne5 d6 15. Nc4 d5 16. Ne5 Bb4 17. Qd4 Qa5 18. Bf1 Rc8 19. Bd2 Nc6 20. Nxc6 Bxc6 21. Bd3 Bc5 22. Qh4 Qb6 23. b3 Be7 24. Bxh7+ Nxh7 25. Qxe7 d4 26. Ne2 Ba8 27. Bb4 Nf6 28. Qd6 Qxd6 29. Bxd6 Rxc2 30. Nxd4 Rd2 1/2-1/2

[Event "SRB-ch Semifinal 2021"]
[Site "Paracin"]
[Date "2021.03.17"]
[Round "3.2"]
[White "Drazic, Sinisa"]
[Black "Cabarkapa, Novak"]
[Result "1/2-1/2"]
[ECO "A49"]
[WhiteElo "2334"]
[BlackElo "2455"]
[Annotator "ChessBase"]
[PlyCount "91"]
[EventDate "2021.03.16"]
[EventType "swiss"]
[EventCountry "SRB"]
[SourceTitle "playchess.com"]
[Source "ChessBase"]
[SourceQuality "1"]
[TimeControl "40/5400+30:1800+30"]

1. d4 Nf6 2. Nf3 g6 3. g3 Bg7 4. Bg2 O-O 5. O-O d5 6. b3 c5 7. Bb2 Ne4 8. Qc1 Qc7 9. dxc5 Bxb2 10. Qxb2 Qxc5 11. Nfd2 Nxd2 12. Nxd2 Nc6 13. a3 Rd8 14. b4 Qb5 15. Nb3 Bg4 16. Rfe1 a5 17. Nd4 Qb6 18. Nxc6 bxc6 19. c3 Rab8 20. Qd2 Be6 21. h4 c5 22. Rab1 Bf5 23. Rb2 axb4 24. axb4 d4 25. b5 c4 26. cxd4 Rxd4 27. Qc3 Qc5 28. Rc1 Rd6 29. Bf3 Rxb5 30. Rxb5 Qxb5 31. Qxc4 Qxc4 32. Rxc4 Kg7 33. Kg2 Be6 34. Rc5 h5 35. Be4 Rd4 36. f3 Kf6 37. Kf2 Rd6 38. Ra5 Bd7 39. Bd3 Bc8 40. Ke3 Re6+ 41. Kf4 Rd6 42. Ra8 e5+ 43. Ke3 Bf5 44. Bxf5 Kxf5 45. Ra5 Rb6 46. Ra3 1/2-1/2

[Event "SRB-ch Semifinal 2021"]
[Site "Paracin"]
[Date "2021.03.17"]
[Round "3.3"]
[White "Martic, Ivan"]
[Black "Sedlak, Nikola"]
[Result "0-1"]
[ECO "A05"]
[WhiteElo "2321"]
[BlackElo "2514"]
[Annotator "ChessBase"]
[PlyCount "98"]
[EventDate "2021.03.16"]
[EventType "swiss"]
[EventCountry "SRB"]
[SourceTitle "playchess.com"]
[Source "ChessBase"]
[SourceQuality "1"]
[TimeControl "40/5400+30:1800+30"]

1. Nf3 Nf6 2. c4 g6 3. Nc3 Bg7 4. e4 d6 5. d4 Bg4 6. Be2 Bxf3 7. Bxf3 e5 8. d5 h5 9. b3 Nbd7 10. O-O Bh6 11. Bb2 O-O 12. b4 a5 13. a3 Qe7 14. Qd3 Rfc8 15. Bd1 c6 16. Bb3 axb4 17. axb4 c5 18. b5 h4 19. Ne2 Nh5 20. Qh3 Nf4 21. Qf3 Nf6 22. Nxf4 Bxf4 23. Bc2 Qd8 24. Qc3 Nd7 25. Qh3 Nb6 26. Bb3 Qg5 27. Qd3 Nd7 28. Bc3 Nf6 29. Bd1 Rxa1 30. Bxa1 Ra8 31. Bb2 Bc1 32. Bc3 Ra3 33. Bf3 Bb2 34. Qd2 Qxd2 35. Bxd2 h3 36. Rb1 Bd4 37. Bg5 Kg7 38. b6 Ra2 39. Bh4 hxg2 40. Kxg2 Rc2 41. Kf1 g5 42. Bg3 Rxc4 43. h4 g4 44. Be2 Rc3 45. Bb5 Nxe4 46. Kg2 Nxg3 47. fxg3 Rc2+ 48. Kh1 f5 49. Bc6 f4 0-1

[Event "SRB-ch Semifinal 2021"]
[Site "Paracin"]
[Date "2021.03.17"]
[Round "3.4"]
[White "Ratkovic, Milovan"]
[Black "Popovic, Milan S"]
[Result "1-0"]
[ECO "D26"]
[WhiteElo "2462"]
[BlackElo "2327"]
[Annotator "ChessBase"]
[PlyCount "89"]
[EventDate "2021.03.16"]
[EventType "swiss"]
[EventCountry "SRB"]
[SourceTitle "playchess.com"]
[Source "ChessBase"]
[SourceQuality "1"]
[TimeControl "40/5400+30:1800+30"]

1. d4 d5 2. c4 dxc4 3. Nf3 Nf6 4. e3 e6 5. Bxc4 a6 6. O-O b5 7. Bd3 Bb7 8. Qe2 Nbd7 9. Rd1 c5 10. a4 b4 11. Nbd2 cxd4 12. exd4 Be7 13. Nc4 O-O 14. a5 Nd5 15. Bd2 N7f6 16. Nce5 Bd6 17. Ng5 Qe7 18. Rac1 Bc7 19. Ne4 Nxe4 20. Qxe4 f5 21. Qe2 Bxe5 22. Qxe5 Rfc8 23. Rc5 Qf6 24. Rdc1 Qxe5 25. Rxc8+ Rxc8 26. Rxc8+ Bxc8 27. dxe5 Kf7 28. Kf1 Bb7 29. Ke2 Ke8 30. Bc4 Kd7 31. Kd3 Nc7 32. g3 Bd5 33. b3 Bxc4+ 34. bxc4 b3 35. Kc3 h6 36. Kxb3 g5 37. h3 Ne8 38. Kb4 Kc6 39. g4 Ng7 40. f4 gxf4 41. Bxf4 h5 42. g5 h4 43. g6 Nh5 44. Bh6 f4 45. Bxf4 1-0

[Event "SRB-ch Semifinal 2021"]
[Site "Paracin"]
[Date "2021.03.17"]
[Round "3.5"]
[White "Zegarac, Vuk"]
[Black "Tadic, Stefan"]
[Result "1/2-1/2"]
[ECO "A48"]
[WhiteElo "2386"]
[BlackElo "2419"]
[Annotator "NA"]
[PlyCount "69"]
[EventDate "2021.03.16"]
[EventType "swiss"]
[EventCountry "SRB"]
[SourceTitle "playchess.com"]
[Source "ChessBase"]
[SourceQuality "1"]
[TimeControl "40/5400+30:1800+30"]

1. d4 Nf6 2. Nf3 g6 3. Bg5 Bg7 4. Nbd2 O-O 5. c3 d6 6. a4 Qe8 7. e4 e5 8. dxe5 dxe5 9. Be2 h6 10. Bh4 Nh5 11. Bg3 a5 12. O-O Nd7 13. Re1 Nc5 14. Qc2 Bd7 15. b3 Bc6 16. Bf1 b6 17. Nc4 Nf4 18. Na3 Rd8 19. Bb5 Bxb5 20. Nxb5 Qc6 21. Bxf4 exf4 22. Nbd4 Qa8 23. e5 Rfe8 24. Rad1 Rd5 25. b4 Ne6 26. Nxe6 Rxd1 27. Qxd1 Rxe6 28. h4 Kh7 29. Qd7 Kg8 30. b5 c5 31. Qc7 Qd5 32. Qb8+ Kh7 33. Qc7 Kg8 34. Qb8+ Kh7 35. Qc7 1/2-1/2

[Event "SRB-ch Semifinal 2021"]
[Site "Paracin"]
[Date "2021.03.17"]
[Round "3.6"]
[White "Stankovic, Milos"]
[Black "Sredojevic, Ivan"]
[Result "1/2-1/2"]
[ECO "B52"]
[WhiteElo "2414"]
[BlackElo "2288"]
[Annotator "NA"]
[PlyCount "91"]
[EventDate "2021.03.16"]
[EventType "swiss"]
[EventCountry "SRB"]
[SourceTitle "playchess.com"]
[Source "ChessBase"]
[SourceQuality "1"]
[TimeControl "40/5400+30:1800+30"]

1. e4 c5 2. Nf3 d6 3. Bb5+ Bd7 4. Bxd7+ Qxd7 5. O-O Nc6 6. Qe2 Nf6 7. Rd1 e6 8. d4 cxd4 9. Nxd4 Rc8 10. c4 a6 11. Nc3 Qc7 12. b3 Be7 13. Bb2 O-O 14. Rac1 Qb8 15. Nxc6 Rxc6 16. f4 Rd8 17. Kh1 Bf8 18. e5 Ne8 19. Ne4 Qc8 20. Ng5 h6 21. Nf3 d5 22. cxd5 Rxd5 23. Rxd5 Rxc1+ 24. Bxc1 exd5 25. Be3 Qf5 26. Kg1 Nc7 27. Nd4 Qb1+ 28. Kf2 Bb4 29. Qc2 Qe1+ 30. Kf3 Qf1+ 31. Bf2 Ne6 32. Nxe6 fxe6 33. Qg6 d4 34. Qxe6+ Kh7 35. Qf5+ Kg8 36. Qc8+ Kh7 37. Qf5+ Kg8 38. Qe4 d3 39. Qc4+ Kh8 40. Qxb4 Qe2+ 41. Kg3 d2 42. Qf8+ Kh7 43. Qf5+ Kh8 44. Qf8+ Kh7 45. Qf5+ Kh8 46. Qf8+ 1/2-1/2

[Event "SRB-ch Semifinal 2021"]
[Site "Paracin"]
[Date "2021.03.17"]
[Round "3.7"]
[White "Perunovic, Miodrag"]
[Black "Arsovic, Zoran"]
[Result "1-0"]
[ECO "B23"]
[WhiteElo "2428"]
[BlackElo "2374"]
[Annotator "NA"]
[PlyCount "53"]
[EventDate "2021.03.16"]
[EventType "swiss"]
[EventCountry "SRB"]
[SourceTitle "playchess.com"]
[Source "ChessBase"]
[SourceQuality "1"]
[TimeControl "40/5400+30:1800+30"]

1. e4 c5 2. Nc3 e6 3. Nge2 Nc6 4. g3 Nf6 5. Bg2 Be7 6. O-O O-O 7. f4 d5 8. e5 Nd7 9. d3 Rb8 10. a4 a6 11. g4 b5 12. axb5 axb5 13. Ng3 Qb6 14. Nce2 Bb7 15. g5 Ra8 16. Rb1 d4 17. Ne4 Nb4 18. N2g3 Rae8 19. Nh5 Kh8 20. Rf3 f5 21. exf6 gxf6 22. Rh3 fxg5 23. fxg5 Rg8 24. Nhf6 Bxf6 25. Rxh7+ Kxh7 26. Qh5+ Kg7 27. gxf6+ 1-0

[Event "SRB-ch Semifinal 2021"]
[Site "Paracin"]
[Date "2021.03.17"]
[Round "3.8"]
[White "Budisavljevic, Luka"]
[Black "Djokic, Mihailo"]
[Result "1-0"]
[ECO "C00"]
[WhiteElo "2510"]
[BlackElo "2199"]
[Annotator "ChessBase"]
[PlyCount "65"]
[EventDate "2021.03.16"]
[EventType "swiss"]
[EventCountry "SRB"]
[SourceTitle "playchess.com"]
[Source "ChessBase"]
[SourceQuality "1"]
[TimeControl "40/5400+30:1800+30"]

1. e4 e6 2. d4 d5 3. Bd3 dxe4 4. Bxe4 Nf6 5. Bf3 c5 6. Ne2 Nc6 7. Be3 e5 8. Bxc6+ bxc6 9. dxe5 Qxd1+ 10. Kxd1 Ng4 11. Nd2 Nxe5 12. f3 Be7 13. Nc3 Be6 14. Ke2 O-O 15. Rhe1 Nc4 16. Nxc4 Bxc4+ 17. Kf2 Rfb8 18. Na4 Bd5 19. b3 c4 20. Bc5 Bh4+ 21. g3 Bf6 22. Rad1 Be6 23. Bd4 Bd8 24. Nc5 Ba5 25. Re5 Bd5 26. Rg5 g6 27. Nd7 h6 28. Re5 cxb3 29. Nxb8 f6 30. Rxd5 bxc2 31. Rc1 cxd5 32. Nc6 Bb6 33. Rxc2 1-0

[Event "SRB-ch Semifinal 2021"]
[Site "Paracin"]
[Date "2021.03.17"]
[Round "3.9"]
[White "Irizanin, Radoje"]
[Black "Mijatovic, Dusan"]
[Result "1/2-1/2"]
[ECO "A00"]
[WhiteElo "2343"]
[BlackElo "2246"]
[Annotator "NA"]
[PlyCount "66"]
[EventDate "2021.03.16"]
[EventType "swiss"]
[EventCountry "SRB"]
[SourceTitle "playchess.com"]
[Source "ChessBase"]
[SourceQuality "1"]
[TimeControl "40/5400+30:1800+30"]

1. a3 Nf6 2. Nf3 g6 3. Nc3 d5 4. d4 Bg7 5. e3 O-O 6. Be2 Nbd7 7. O-O c6 8. b3 Qc7 9. Bb2 e5 10. dxe5 Nxe5 11. Rb1 Ne4 12. Nxe4 dxe4 13. Nxe5 Bxe5 14. Bxe5 Qxe5 15. Qd4 Qxd4 16. exd4 Be6 17. f4 exf3 18. Bxf3 Rad8 19. Rbd1 Bd5 20. c4 Bxf3 21. Rxf3 Rd7 22. Kf2 f5 23. Rfd3 Rfd8 24. R1d2 Kf7 25. Kf3 g5 26. d5 cxd5 27. cxd5 Kf6 28. g3 Rd6 29. b4 Ke5 30. Re3+ Kf6 31. Red3 Ke5 32. Re2+ Kf6 33. Red2 Ke5 1/2-1/2

[Event "SRB-ch Semifinal 2021"]
[Site "Paracin"]
[Date "2021.03.17"]
[Round "3.10"]
[White "Abramovic, Bosko"]
[Black "Ivic, Matija"]
[Result "1-0"]
[ECO "A05"]
[WhiteElo "2330"]
[BlackElo "2186"]
[Annotator "NA"]
[PlyCount "69"]
[EventDate "2021.03.16"]
[EventType "swiss"]
[EventCountry "SRB"]
[SourceTitle "playchess.com"]
[Source "ChessBase"]
[SourceQuality "1"]
[TimeControl "40/5400+30:1800+30"]

1. Nf3 Nf6 2. g3 d5 3. Bg2 c5 4. O-O Nc6 5. d4 Bg4 6. Ne5 cxd4 7. Nxg4 Nxg4 8. e3 Nf6 9. exd4 e6 10. c3 Bd6 11. Nd2 O-O 12. Re1 Qc7 13. Nb3 b5 14. a3 Nd7 15. Bf1 Rab8 16. Be3 a5 17. Nc1 Ne7 18. Nd3 Nf5 19. Bd2 Nb6 20. Bh3 Ne7 21. b4 Nc4 22. Nc5 Ra8 23. Bg5 Ng6 24. Bf1 e5 25. dxe5 Bxe5 26. Qd3 Ra7 27. Bg2 h6 28. Be3 Nxe3 29. Qxe3 Rd8 30. Rad1 axb4 31. axb4 Ra3 32. Bxd5 Rxc3 33. Qe4 Rd6 34. f4 Bf6 35. Bxf7+ 1-0

[Event "SRB-ch Semifinal 2021"]
[Site "Paracin"]
[Date "2021.03.18"]
[Round "4.4"]
[White "Abramovic, Bosko"]
[Black "Budisavljevic, Luka"]
[Result "1/2-1/2"]
[ECO "A05"]
[WhiteElo "2330"]
[BlackElo "2510"]
[Annotator "RC"]
[PlyCount "58"]
[EventDate "2021.03.16"]
[EventType "swiss"]
[EventCountry "SRB"]
[SourceTitle "playchess.com"]
[Source "ChessBase"]
[SourceQuality "1"]
[TimeControl "40/5400+30:1800+30"]

1. Nf3 Nf6 2. g3 d5 3. Bg2 c5 4. O-O e6 5. d4 cxd4 6. Nxd4 e5 7. Nb3 Be6 8. c4 Nc6 9. cxd5 Nxd5 10. Bd2 Be7 11. Nc3 Nb6 12. Ne4 Na4 13. Na5 Nxb2 14. Nxb7 Qb6 15. Qb1 O-O 16. Nbc5 Bf5 17. Bc3 Rab8 18. e3 Kh8 19. Bxb2 Qxb2 20. Qxb2 Rxb2 21. Rfd1 Rd8 22. Rxd8+ Nxd8 23. h3 h5 24. Nd3 Rb5 25. Rc1 Ne6 26. a4 Ra5 27. Rc4 Rd5 28. Nb4 Rd1+ 29. Kh2 Bxb4 1/2-1/2

[Event "SRB-ch Semifinal 2021"]
[Site "Paracin"]
[Date "2021.03.18"]
[Round "4.8"]
[White "Sredojevic, Ivan"]
[Black "Zegarac, Vuk"]
[Result "1-0"]
[ECO "B15"]
[WhiteElo "2288"]
[BlackElo "2386"]
[Annotator "NA"]
[PlyCount "61"]
[EventDate "2021.03.16"]
[EventType "swiss"]
[EventCountry "SRB"]
[SourceTitle "playchess.com"]
[Source "ChessBase"]
[SourceQuality "1"]
[TimeControl "40/5400+30:1800+30"]

1. e4 c6 2. d4 d5 3. Nc3 dxe4 4. Nxe4 Nf6 5. Nxf6+ exf6 6. c3 Bd6 7. Bd3 O-O 8. Ne2 Re8 9. O-O Nd7 10. Bf4 Nf8 11. Qd2 Be6 12. Rfe1 Be7 13. Qc2 Qd7 14. Rad1 f5 15. d5 cxd5 16. Nd4 a6 17. Bxf5 Bf6 18. Nxe6 fxe6 19. Bd3 e5 20. Bg3 Qf7 21. f3 g6 22. Qd2 Kg7 23. Bc2 d4 24. Bb3 Qd7 25. Re4 a5 26. Qe2 a4 27. Bc4 Ra5 28. cxd4 Qc7 29. dxe5 Bxe5 30. f4 b5 31. Bd5 1-0

[Event "SRB-ch Semifinal 2021"]
[Site "Paracin"]
[Date "2021.03.18"]
[Round "4.10"]
[White "Pajcin, Lav"]
[Black "Irizanin, Radoje"]
[Result "0-1"]
[ECO "B12"]
[WhiteElo "2167"]
[BlackElo "2343"]
[Annotator "NA"]
[PlyCount "62"]
[EventDate "2021.03.16"]
[EventType "swiss"]
[EventCountry "SRB"]
[SourceTitle "playchess.com"]
[Source "ChessBase"]
[SourceQuality "1"]
[TimeControl "40/5400+30:1800+30"]

1. e4 c6 2. d4 d5 3. e5 Bf5 4. c4 e6 5. Nc3 Nd7 6. cxd5 cxd5 7. Nge2 Ne7 8. Ng3 Bg6 9. h4 h6 10. h5 Bh7 11. Bd3 Bxd3 12. Qxd3 Nc6 13. O-O Be7 14. Be3 O-O 15. Nce2 Rc8 16. a3 Nb6 17. b3 a5 18. Nc3 a4 19. b4 Nc4 20. Nxa4 Ra8 21. Qb3 Bg5 22. Rfd1 Nxe3 23. fxe3 Rxa4 24. Qxa4 Bxe3+ 25. Kf1 Qg5 26. Nh1 f6 27. Ke2 fxe5 28. Kd3 Nxd4 29. Rf1 e4+ 30. Kc3 Rc8+ 31. Kb2 Qxg2+ 0-1

[Event "SRB-ch Semifinal 2021"]
[Site "Paracin"]
[Date "2021.03.19"]
[Round "5.1"]
[White "Ratkovic, Miloje"]
[Black "Sedlak, Nikola"]
[Result "1-0"]
[ECO "D85"]
[WhiteElo "2497"]
[BlackElo "2514"]
[Annotator "ChessBase"]
[PlyCount "49"]
[EventDate "2021.03.16"]
[EventType "swiss"]
[EventCountry "SRB"]
[SourceTitle "playchess.com"]
[Source "ChessBase"]
[SourceQuality "1"]
[TimeControl "40/5400+30:1800+30"]

1. d4 Nf6 2. c4 g6 3. Nc3 d5 4. cxd5 Nxd5 5. e4 Nxc3 6. bxc3 Bg7 7. Be3 c5 8. Qd2 Qa5 9. Rc1 Nd7 10. d5 O-O 11. Nf3 Nf6 12. e5 Ng4 13. Bf4 Qc7 14. Qe2 f6 15. Qc4 Qb6 16. e6 f5 17. Be2 Nf6 18. d6 Kh8 19. d7 Bxd7 20. exd7 Nxd7 21. Ng5 Qf6 22. Qe6 h6 23. h4 Nb6 24. h5 gxh5 25. Rxh5 1-0

[Event "SRB-ch Semifinal 2021"]
[Site "Paracin"]
[Date "2021.03.19"]
[Round "5.2"]
[White "Tadic, Stefan"]
[Black "Cabarkapa, Novak"]
[Result "1/2-1/2"]
[ECO "D86"]
[WhiteElo "2419"]
[BlackElo "2455"]
[Annotator "ChessBase"]
[PlyCount "72"]
[EventDate "2021.03.16"]
[EventType "swiss"]
[EventCountry "SRB"]
[SourceTitle "playchess.com"]
[Source "ChessBase"]
[SourceQuality "1"]
[TimeControl "40/5400+30:1800+30"]

1. d4 Nf6 2. c4 g6 3. Nc3 d5 4. cxd5 Nxd5 5. e4 Nxc3 6. bxc3 Bg7 7. Bc4 c5 8. Ne2 O-O 9. O-O Nc6 10. Be3 Bg4 11. f3 Bd7 12. Rb1 a6 13. h4 Na5 14. Bd3 cxd4 15. cxd4 Rc8 16. h5 Nc4 17. Bxc4 Rxc4 18. hxg6 hxg6 19. Rxb7 Ba4 20. Qb1 Bb5 21. Rd1 Qc8 22. Rxe7 Bf6 23. Ra7 Qb8 24. d5 Be5 25. Qb3 Rfc8 26. d6 Bxd6 27. Rb1 Rf8 28. Kf2 Rb4 29. Qxb4 Bxb4 30. Rxb4 Qd6 31. Rd4 Qh2 32. Rd2 Rc8 33. a4 Bxa4 34. Rxa6 Bb5 35. Ra1 Bxe2 36. Rxe2 Qh4+ 1/2-1/2

[Event "SRB-ch Semifinal 2021"]
[Site "Paracin"]
[Date "2021.03.19"]
[Round "5.3"]
[White "Stankovic, Milos"]
[Black "Milosevic, Milos"]
[Result "1/2-1/2"]
[ECO "C15"]
[WhiteElo "2414"]
[BlackElo "2315"]
[Annotator "NA"]
[PlyCount "51"]
[EventDate "2021.03.16"]
[EventType "swiss"]
[EventCountry "SRB"]
[SourceTitle "playchess.com"]
[Source "ChessBase"]
[SourceQuality "1"]
[TimeControl "40/5400+30:1800+30"]

1. e4 e6 2. d4 d5 3. Nc3 Bb4 4. exd5 exd5 5. Bd3 Nc6 6. a3 Bxc3+ 7. bxc3 Nge7 8. Qf3 Be6 9. Ne2 Qd7 10. O-O O-O-O 11. Re1 Kb8 12. Rb1 h5 13. h3 Bf5 14. Ng3 Bxd3 15. cxd3 h4 16. Nf1 Qf5 17. Qxf5 Nxf5 18. Bf4 Kc8 19. Ne3 Nfe7 20. Rb2 f6 21. Rbe2 b6 22. Ng4 Ng6 23. Bh2 Rd7 24. Kf1 Kb7 25. Re6 Re7 26. Rxe7 1/2-1/2

[Event "SRB-ch Semifinal 2021"]
[Site "Paracin"]
[Date "2021.03.19"]
[Round "5.4"]
[White "Ratkovic, Milovan"]
[Black "Sredojevic, Ivan"]
[Result "1/2-1/2"]
[ECO "E30"]
[WhiteElo "2462"]
[BlackElo "2288"]
[Annotator "ChessBase"]
[PlyCount "41"]
[EventDate "2021.03.16"]
[EventType "swiss"]
[EventCountry "SRB"]
[SourceTitle "playchess.com"]
[Source "ChessBase"]
[SourceQuality "1"]
[TimeControl "40/5400+30:1800+30"]

1. d4 Nf6 2. c4 e6 3. Nc3 Bb4 4. Bg5 h6 5. Bh4 c5 6. d5 exd5 7. cxd5 d6 8. e3 O-O 9. Bd3 Nbd7 10. Nge2 a6 11. O-O Qe7 12. Ng3 Ne5 13. Nge4 g5 14. Nxf6+ Qxf6 15. Bg3 Nxd3 16. Qxd3 Bf5 17. Qd2 c4 18. e4 Bxc3 19. bxc3 Bxe4 20. f4 Qg6 21. Qd4 1/2-1/2

[Event "SRB-ch Semifinal 2021"]
[Site "Paracin"]
[Date "2021.03.19"]
[Round "5.5"]
[White "Budisavljevic, Luka"]
[Black "Drazic, Sinisa"]
[Result "1-0"]
[ECO "A41"]
[WhiteElo "2510"]
[BlackElo "2334"]
[Annotator "ChessBase"]
[PlyCount "39"]
[EventDate "2021.03.16"]
[EventType "swiss"]
[EventCountry "SRB"]
[SourceTitle "playchess.com"]
[Source "ChessBase"]
[SourceQuality "1"]
[TimeControl "40/5400+30:1800+30"]

1. d4 d6 2. Nf3 g6 3. c4 Bg7 4. Nc3 e5 5. e4 Nc6 6. dxe5 Nxe5 7. Nxe5 dxe5 8. Qxd8+ Kxd8 9. Bg5+ f6 10. O-O-O+ Bd7 11. Be2 h5 12. Be3 Bh6 13. Bxh6 Rxh6 14. c5 c6 15. Rd6 Ke7 16. Bc4 Rf8 17. Rhd1 Bc8 18. b4 f5 19. Re1 Ke8 20. Bxg8 1-0

[Event "SRB-ch Semifinal 2021"]
[Site "Paracin"]
[Date "2021.03.19"]
[Round "5.6"]
[White "Radovanovic, Nikola"]
[Black "Abramovic, Bosko"]
[Result "1-0"]
[ECO "B46"]
[WhiteElo "2391"]
[BlackElo "2330"]
[Annotator "NA"]
[PlyCount "57"]
[EventDate "2021.03.16"]
[EventType "swiss"]
[EventCountry "SRB"]
[SourceTitle "playchess.com"]
[Source "ChessBase"]
[SourceQuality "1"]
[TimeControl "40/5400+30:1800+30"]

1. e4 c5 2. Nf3 e6 3. d4 cxd4 4. Nxd4 Nc6 5. Nc3 a6 6. Bf4 d6 7. Nxc6 bxc6 8. Qd2 d5 9. O-O-O Nf6 10. g4 Bb7 11. g5 Nd7 12. Bg2 Bb4 13. Qd4 Bxc3 14. Qxc3 O-O 15. h4 Re8 16. Be3 Rc8 17. h5 f6 18. h6 g6 19. f4 Qe7 20. Rhe1 Qf7 21. gxf6 c5 22. exd5 exd5 23. Qb3 Nxf6 24. f5 gxf5 25. Bf3 Ng4 26. Rg1 c4 27. Qc3 Re4 28. Bxe4 dxe4 29. Rdf1 1-0

[Event "SRB-ch Semifinal 2021"]
[Site "Paracin"]
[Date "2021.03.19"]
[Round "5.7"]
[White "Martic, Ivan"]
[Black "Arsovic, Zoran"]
[Result "0-1"]
[ECO "D33"]
[WhiteElo "2321"]
[BlackElo "2374"]
[Annotator "NA"]
[PlyCount "64"]
[EventDate "2021.03.16"]
[EventType "swiss"]
[EventCountry "SRB"]
[SourceTitle "playchess.com"]
[Source "ChessBase"]
[SourceQuality "1"]
[TimeControl "40/5400+30:1800+30"]

1. Nf3 c5 2. c4 Nf6 3. Nc3 e6 4. g3 d5 5. cxd5 exd5 6. d4 Nc6 7. Bg2 cxd4 8. Nxd4 Bc5 9. Nxc6 bxc6 10. O-O O-O 11. e4 Ba6 12. Re1 Qb6 13. Be3 d4 14. Na4 dxe3 15. Nxb6 exf2+ 16. Kh1 fxe1=Q+ 17. Qxe1 Bxb6 18. h3 Rae8 19. Qb4 Bd3 20. Re1 Bf2 21. Rd1 Bxe4 22. Rf1 Nd5 23. Qa4 Bxg2+ 24. Kxg2 Bb6 25. Kh1 Re6 26. Qa6 h5 27. Qb7 g6 28. a4 Kg7 29. a5 Bxa5 30. Qxa7 Bc7 31. Qd4+ Be5 32. Qf2 Rf6 0-1

[Event "SRB-ch Semifinal 2021"]
[Site "Paracin"]
[Date "2021.03.19"]
[Round "5.8"]
[White "Irizanin, Radoje"]
[Black "Popovic, Milan S"]
[Result "1/2-1/2"]
[ECO "A45"]
[WhiteElo "2343"]
[BlackElo "2327"]
[Annotator "NA"]
[PlyCount "51"]
[EventDate "2021.03.16"]
[EventType "swiss"]
[EventCountry "SRB"]
[SourceTitle "playchess.com"]
[Source "ChessBase"]
[SourceQuality "1"]
[TimeControl "40/5400+30:1800+30"]

1. d4 Nf6 2. Bg5 Ne4 3. h4 d5 4. Nd2 Bf5 5. Nxe4 Bxe4 6. f3 h6 7. Bf4 Bh7 8. e3 e6 9. Bd3 Bxd3 10. Qxd3 c5 11. Ne2 Nc6 12. c3 cxd4 13. cxd4 Bd6 14. g4 Qe7 15. Bxd6 Qxd6 16. f4 h5 17. g5 g6 18. Kf2 Ne7 19. Rac1 O-O 20. Rc5 b6 21. Rc3 Rac8 22. Rhc1 Rxc3 23. Rxc3 Rc8 24. Ng1 Rxc3 25. Qxc3 Qc6 26. Qxc6 1/2-1/2